 Dungeon Crawl Stone Soup version 0.29.0-13-gc9e81de378 (webtiles) character file.

Game seed: 16532406064986046537

9 xian the Firebug (level 2, 0/19 HPs)
             Began as a Demonspawn Fire Elementalist on Sept 10, 2022.
             Slain by a quokka (4 damage)
             ... on level 1 of the Dungeon.
             The game lasted 00:00:38 (348 turns).

xian the Firebug (Demonspawn Fire Elementalist)      Turns: 348, Time: 00:00:39

Health: 0/19       AC:  2    Str:  8    XL:     2   Next: 3%
Magic:  1/5        EV: 12    Int: 16    God:
Gold:   61         SH:  0    Dex: 13    Spells: 4/5 levels left

rFire   . . .      SeeInvis .   f - +0 dagger
rCold   . . .      Faith    .   (no shield)
rNeg    . . .      Spirit   .   a - +0 robe
rPois   +          Reflect  .   (no helmet)
rElec   .          Harm     .   (no cloak)
rCorr   .          Rampage  .   (no gloves)
Will    .....                   (no boots)
Stlth   ++........              (no amulet)
HPRegen 0.06/turn               c - ring of poison resistance
MPRegen 0.09/turn               (no ring)

@: no status effects
A: weakness stinger 1
a: no special abilities


You were on level 1 of the Dungeon.
You visited 1 branch of the dungeon, and saw 1 of its levels.

You collected 61 gold pieces.

Inventory:

Hand Weapons
 f - a +0 dagger (weapon)
Armour
 a - a +0 robe (worn)
Jewellery
 c - a ring of poison resistance (left hand)
Scrolls
 e - a scroll of identify {unknown}
Potions
 b - a potion of magic
 d - a potion of heal wounds {unknown}


   Skills:
 + Level 2.0 Dodging
 + Level 1.8 Stealth
 + Level 2.2 Spellcasting
 + Level 1.0 Conjurations
 + Level 2.9 Fire Magic


You had 4 spell levels left.
You knew the following spells:

 Your Spells              Type           Power      Damage    Failure   Level
a - Foxfire               Conj/Fire      32%        2x1d5     9%          1

Your spell library contained the following spells:

 Spells                   Type           Power      Damage    Failure   Level
 Scorch                   Fire           22%        2d6       9%          2
 Conjure Flame            Conj/Fire      8%         6-21      26%         3
 Inner Flame              Hex/Fire       6%         N/A       32%         3
 Flame Wave               Conj/Fire      8%         2d5       65%         4
 Petrify                  Tmut/Erth      1%         N/A       90%         4
 Metabolic Englaciation   Hex/Ice        0%         N/A       99%         5
 Statue Form              Tmut/Erth      0%         N/A       100%        6


Dungeon Overview and Level Annotations

Branches:
Dungeon (1/15)

Altars:


Innate Abilities, Weirdness & Mutations

You have a small tail.


Message History

You now have 61 gold pieces (gained 15).
A quokka comes into view.
The ball python bites you. The ball python misses you.
The ball python misses you. The ball python completely misses you.
You see here a +0 dagger.
f - a +0 dagger The ball python closely misses you.
The ball python grabs you. The ball python constricts you.
The quokka bites you.
f - a +0 dagger (weapon)
The ball python misses you. The ball python constricts you.
Unknown command.
You hit the ball python.
You kill the ball python!
The quokka bites you. The quokka closely misses you.
Your Dodging skill increases to level 2!
You have reached level 2!
Your demonic ancestry asserts itself...
You grow a small tail.
You are too injured to fight recklessly!
You are too injured to fight recklessly!
You are too injured to fight recklessly!
You are too injured to fight recklessly!
You miss the quokka. The quokka bites you.
You closely miss the quokka. The quokka misses you.
You hit the quokka but do no damage.
Your tail-slap misses the quokka.
The quokka bites you.
* * * LOW HITPOINT WARNING * * *
You hit the quokka.
The quokka is moderately wounded.
The quokka closely misses you.
You hit the quokka but do no damage. The quokka closely misses you.
The quokka bites you but does no damage.
You closely miss the quokka. You tail-slap the quokka.
The quokka is almost dead.
The quokka bites you.
* * * LOW HITPOINT WARNING * * *
You hit the quokka but do no damage.
The quokka is almost dead.
The quokka bites you.
You die...

...[.........#
...##.#....###
.......(...####..
........#.......#
###.....####..###
####.#.....#>...
............#.###
........††..# #
........@r..#
............#
$...........#
...........(..
#####$......###
#$......#
###.....# #.....#


You could see a quokka.

Vanquished Creatures
  A ball python (D:1)
  2 endoplasms (D:1)
  2 goblins (D:1)
  A frilled lizard (D:1)
  2 rats (D:1)
8 creatures vanquished.

Vanquished Creatures (others)
  26 foxfires (D:1)
26 creatures vanquished.

Grand Total: 34 creatures vanquished

Notes
Turn   | Place    | Note
-------+----------+-------------------------------------------
     0 | D:1      | xian the Demonspawn Fire Elementalist began the quest for
                  | the Orb.
     0 | D:1      | Reached XP level 1. HP: 13/13 MP: 3/3
   342 | D:1      | Gained mutation: You have a small tail. [demonic ancestry]
   342 | D:1      | Reached XP level 2. HP: 9/19 MP: 1/5
   348 | D:1      | Slain by a quokka

Illustrated notes

Levels and vault maps discovered:
D:1:      dpeg_arrival_rooms_a, layout_basic

Skill      XL: |  1 |
---------------+----+-----
Dodging        | 2 |  2.0
Stealth        | |  1.8
Spellcasting   | |  2.2
Conjurations   | |  1.0
Fire Magic     | |  2.9

Action                   || total
-------------------------++-------
Melee: Dagger            ||     8
       Tailslap          ||     1
 Cast: Foxfire           ||    15
Armor: Robe              ||     1
Dodge: Dodged            ||    11
